 Dungeon Crawl Stone Soup version 0.32-a0-306-gfed3edf829 (webtiles) character file.

Game seed: 3393561866586738390

36886 CougarLife the Destroyer (level 13, -13/68 HPs)
             Began as a Gargoyle Earth Elementalist on Feb 15, 2024.
             Was an Elder of Vehumet.
             Mangled by a minotaur
             ... wielding the +9 scimitar of Neisk {freeze, rC- Dex+4}
              (29 damage)
             ... in a Gauntlet.
             The game lasted 00:42:05 (20817 turns).

CougarLife the Destroyer (GrEE)                    Turns: 20817, Time: 00:42:06

Health: -13/68     AC: 18    Str: 12    XL:     13   Next: 93%
Magic:  22/27      EV: 18    Int: 23    God:    Vehumet [****..]
Gold:   980        SH:  0    Dex: 10    Spells: 24/33 levels left

rFire   . . .        i - +8 spear of Conformity {drain, rElec rC+ Int+2}
rCold   + . .        (no shield)
rNeg    + . .        G - +0 acid dragon scales
rPois   ∞            (no helmet)
rElec   +            (no cloak)
rCorr   +            (no gloves)
SInv    +            O - +0 pair of boots
Will    .....        f - amulet of regeneration
Stlth   +            K - ring of see invisible
HPRegen 1.11/turn    a - +5 ring of evasion
MPRegen 0.20/turn

%: no teleportation
@: studying Dodging
A: sickness immunity, AC +9, negative energy resistance 1, electricity
resistance, torment resistance 1, petrification resistance
a: Renounce Religion


You were in a Gauntlet.
You worshipped Vehumet.
Vehumet was greatly pleased with you.
You visited 3 branches of the dungeon, and saw 17 of its levels.
You also visited: Ossuary and Gauntlet.

You collected 980 gold pieces.

Inventory:

Hand Weapons
 i - the +8 spear of Conformity (weapon) {drain, rElec rC+ Int+2}
   (You found it on level 4 of the Dungeon)

   Int+2:     It affects your intelligence (+2).
   rC+:       It protects you from cold.
   rElec:     It insulates you from electricity.
Missiles
 B - 2 throwing nets
 J - a curare-tipped dart
Armour
 G - +0 acid dragon scales (worn)
 O - a +0 pair of boots (worn)
 P - the +1 ring mail of Courage {rF- Will+ Str+3 Dex+3}
   (You found it in a Gauntlet)

   Str+3:     It affects your strength (+3).
   Dex+3:     It affects your dexterity (+3).
   rF-:       It makes you vulnerable to fire.
   Will+:     It increases your willpower.
 R - the +1 hat of Mysticism {rN+ Int-4 Dex+5}
   (You found it in a Gauntlet)

   Int-4:     It affects your intelligence (-4).
   Dex+5:     It affects your dexterity (+5).
   rN+:       It protects you from negative energy.
Jewellery
 a - a +5 ring of evasion (right hand)
 f - an amulet of regeneration (around neck)
 K - a ring of see invisible (left hand)
Wands
 l - a wand of digging (6)
 p - a wand of polymorph (11)
 C - a wand of flame (39)
 E - a wand of mindburst (19)
 I - a wand of acid (7)
 M - a wand of roots (6)
Scrolls
 c - 6 scrolls of fear
 e - 4 scrolls of enchant armour
 h - 2 scrolls of amnesia
 j - a scroll of torment
 q - 3 scrolls of fog
 r - a scroll of vulnerability
 s - a scroll of noise
 v - a scroll of acquirement
 w - 3 scrolls of immolation
 y - a scroll of brand weapon {unknown}
 D - a scroll of blinking
 H - a scroll of enchant weapon {unknown}
 L - a scroll of silence {unknown}
Potions
 d - 2 potions of haste
 g - 5 potions of mutation
 k - 2 potions of invisibility
 m - 8 potions of heal wounds
 n - 7 potions of curing
 o - a potion of cancellation {unknown}
 t - 2 potions of resistance {unknown}
 u - 2 potions of might {unknown}
 x - 4 potions of lignification {unknown}
 z - 5 potions of degeneration {unknown}
 A - 2 potions of attraction {unknown}
 F - a potion of magic
 N - a potion of enlightenment
 Q - a potion of brilliance {unknown}
Miscellaneous
 b - a phantom mirror


   Skills:
 + Level 3.2 Fighting
 - Level 7.3 Armour
 - Level 7.0 Dodging
 - Level 2.1 Stealth
 + Level 10.8 Spellcasting
 + Level 13.1 Conjurations
 - Level 0.5 Ice Magic
 - Level 8.3 Air Magic
 + Level 12.6 Earth Magic


You had 24 spell levels left.
You knew the following spells:

 Your Spells              Type           Power      Damage    Failure   Level
a - Sandblast             Erth           100%       2d20      1%          1
b - Stone Arrow           Conj/Erth      100%       3d13      1%          3
c - Freezing Cloud        Conj/Ice/Air   23%        6-21      2%          5

Your spell library contained the following spells:

 Spells                   Type           Power      Damage    Failure   Level
 Hailstorm                Conj/Ice       43%        3d9       1%          3
 Shock                    Conj/Air       100%       1d9       1%          1
 Sting                    Conj/Alch      100%       1d9       1%          1
 Mercury Vapours          Alch/Air       62%        N/A       1%          2
 Momentum Strike          Conj/Tloc      84%        3d10      1%          2
 Static Discharge         Conj/Air       100%       3-8/arc   1%          2
 Mephitic Cloud           Conj/Alch/Air  45%        N/A       1%          3
 Passwall                 Erth           63%        N/A       1%          3
 Swiftness                Air            50%        N/A       1%          3
 Airstrike                Air            25%        2d(4-20)  1%          4
 Brom's Barrelling Bould  Conj/Erth      64%        2d8       1%          4
 Iskenderun's Battlesphe  Conj           64%        2d11      1%          5
 Bombard                  Conj/Erth      32%        9d6       1%          6
 Petrify                  Alch/Erth      41%        N/A       5%          4
 Slow                     Hex            48%        N/A       8%          1
 Summon Small Mammal      Summ           48%        N/A       8%          1
 Blink                    Tloc           24%        N/A       11%         2
 Lesser Beckoning         Tloc           24%        N/A       11%         2
 Summon Lightning Spire   Summ/Air       31%        N/A       13%         4
 Ignite Poison            Fire/Alch      12%        N/A       19%         4
 Sticky Flame             Fire/Alch      12%        2d5       19%         4
 Call Canine Familiar     Summ           12%        N/A       22%         3
 Summon Blazeheart Golem  Fire/Summ      12%        N/A       58%         4
 Spellforged Servitor     Conj/Summ      21%        N/A       67%         7
 Ignition                 Fire           6%         3d4       100%        8


Dungeon Overview and Level Annotations

Branches:
Dungeon (12/15)            Temple (1/1) D:6            Lair (4/5) D:10
  Swamp (0/4) Lair:2       Spider (0/4) Lair:2          Orc (0/2) D:9
Ossuary (visited)         Gauntlet (1/1)
  Slime: Lair:4-5

Altars:
Ashenzari
Cheibriados
Dithmenos
Elyvilon
Fedhas
Gozag
Hepliaklqana
Kikubaaqudgha
Makhleb
Nemelex Xobeh
Okawaru
Qazlal
Ru
Sif Muna
Trog
Uskayaw
Vehumet
Wu Jian
Xom
Yredelemnul
Zin
The Shining One
Lugonu

Portals:
Abyss: D:10

Annotations:
D:3 1 runed translucent door, Crazy Yiuf
D:8 3 runed translucent doors, asd2613's ghost, novice MDFi
D:10 2 runed translucent doors
D:11 Lodul
D:12 Snorg Gauntlet 7 transporters, 1 runed translucent door


Innate Abilities, Weirdness & Mutations

You are immune to sickness and miasma.
Your stone body is resilient. (AC +9)
You are immune to poison.
You resist negative energy. (rN+)
You are resistant to electric shocks. (rElec)
You are resistant to unholy torment.
You are immune to petrification.


Message History

Confirm with . or Enter, or press ? or * to list all spells.
Aiming: Stone Arrow (safe; 1% risk of failure)
Press: ? - help, Shift-Dir - straight line, f/p - entropy weaver
Aim: an entropy weaver (freezing vapour, severely wounded, 69% to hit)
The stone arrow hits the entropy weaver!!
You kill the entropy weaver!
Vehumet accepts your kill.
You feel your power returning.
You start resting.
HP restored.
You start resting.
You are no longer corroded.
You start resting.
Magic restored.
g - 5 potions of mutation (gained 1)
You pick up a book of Power and begin reading...
You add the spells Iskenderun's Battlesphere, Bombard and Spellforged Servitor to your library.
There is a transporter here.
You see here the +1 hat of Mysticism {rN+ Int-4 Dex+5}.
R - the +1 hat of Mysticism {rN+ Int-4 Dex+5}
There is a transporter here.
You enter the transporter and appear at another place.
A minotaur comes into view.
It is wielding the +9 scimitar of Neisk {freeze, rC- Dex+4}.
Found a rapier.
Found a gate leading back out of this place.
The minotaur bellows!
The minotaur moves out of view.
Casting: Stone Arrow (safe; 1% risk of failure)
Confirm with . or Enter, or press ? or * to list all spells.
Aiming: Freezing Cloud (dangerous; 2% risk of failure)
Press: ? - help, Dir - move target You are engulfed in freezing vapours.
You resist.
The minotaur is engulfed in freezing vapours.
The minotaur hits you with the +9 scimitar of Neisk {freeze, rC- Dex+4}!!
The minotaur freezes you. The minotaur misses you.
You are engulfed in freezing vapours.
You resist.
* * * LOW HITPOINT WARNING * * *
The minotaur is engulfed in freezing vapours.
The minotaur hits you with the +9 scimitar of Neisk {freeze, rC- Dex+4}!!
You die...

##.P.≈≈# .#...≈##. .#
.#.P.###.♣.#######
.#.♣..##...##....#
©#.....#.♣.##.##.#
.#..P♣.#......##.#
.#...P.#.©.##.##.#
.#.....#...##....# # #
##.....#.©.##.##@#§#.≈≈#
....∩..#......##§H§§.∩≈#
##.....#.©.##.##§#§#.≈≈#
b#.....#...##....#.# ≈#
.#...P.#.©.##.##.# #
##..P♣.#......##.#
h#.....#.♣.##.##.#
##.♣..##...##....#
h#...###.♣.#######


You could see a minotaur.

Vanquished Creatures
  An entropy weaver (Gauntlet)
  A hydra (Lair:2)
  A catoblepas (Lair:2)
  2 boulder beetles
  4 two-headed ogres
  4 death yaks (Lair:2)
  A demonic crawler (Lair:3)
  A skyshark (Lair:3)
  A shining eye (Gauntlet)
  A worldbinder (Gauntlet)
  An oklob plant (Lair:3)
  An ugly thing (D:11)
  5 elephants (Lair:2)
  Joseph (D:9)
  2 black mambas
  A gargoyle (D:11)
  4 cane toads
  An unseen horror (D:11)
  2 rime drakes
  Psyche (D:9)
  5 komodo dragons
  A tyrant leech (Lair:2)
  2 trolls
  2 polar bears (Lair:4)
  4 blink frogs (Lair:2)
  A glass eye (Gauntlet)
  6 dream sheep (Lair:3)
  A wraith (D:7)
  4 wyverns
  29 yaks
  A vampire (D:9)
  3 jumping spiders (Lair:2)
  3 fire bats (Lair:1)
  4 basilisks
  6 vampire mosquitoes (D:11)
  2 redbacks
  A steam dragon (D:9)
  4 swamp worms
  An acid dragon (D:9)
  21 water moccasins
  A sky beast (D:6)
  7 black bears
  7 orc warriors
  5 ogres
  A boggart (Gauntlet)
  12 wolves
  2 centaurs
  A phantom (D:6)
  A kobold brigand (D:10)
  2 elf zombies (Ossuary)
  A weeping skull (Ossuary)
  2 gnoll sergeants
  13 bullfrogs
  5 scorpions
  2 burial acolytes (Ossuary)
  6 wights
  3 electric eels (Lair:2)
  A howler monkey (D:5)
  2 bombardier beetles
  5 jellies
  A gnoll bouda (D:6)
  5 orc priests
  2 hounds
  A human zombie (Ossuary)
  A sleepcap (D:7)
  Ijyb (D:4)
  5 iguanas
  12 orc wizards
  4 hound zombies (Ossuary)
  2 mummies (Ossuary)
  19 gnolls
  10 adders
  A dart slug (D:4)
  4 ribbon worms
  26 orcs
  9 ball pythons
  12 endoplasms
  2 giant cockroaches
  7 goblins
  5 hobgoblins
  19 kobolds
  3 quokkas
  4 bats
  A frilled lizard (D:2)
  5 gnoll zombies (Ossuary)
  5 orc zombies (Ossuary)
  5 rats
387 creatures vanquished.

Notes
Turn   | Place    | Note
-------+----------+-------------------------------------------
     0 | D:1      | CougarLife the Gargoyle Earth Elementalist began the quest
                  | for the Orb.
     0 | D:1      | Reached XP level 1. HP: 10/10 MP: 3/3
   283 | D:1      | Reached XP level 2. HP: 15/15 MP: 3/5
  1106 | D:2      | Reached skill level 2 in Conjurations
  1106 | D:2      | Reached XP level 3. HP: 19/19 MP: 4/6
  1489 | D:2      | Learned a level 3 spell: Stone Arrow
  1595 | D:2      | Reached XP level 4. HP: 24/24 MP: 6/8
  2179 | D:2      | Reached skill level 3 in Conjurations
  2217 | D:2      | Reached XP level 5. HP: 20/28 MP: 6/9
  2221 | D:2      | Reached skill level 5 in Earth Magic
  2336 | D:2      | Found a shadowy altar of Dithmenos.
  2336 | D:2      | Found a snail-covered altar of Cheibriados.
  2336 | D:2      | Found an iron altar of Okawaru.
  2336 | D:2      | Found a shimmering altar of Xom.
  2336 | D:2      | Found a stormy altar of Qazlal.
  2336 | D:2      | Found a glowing golden altar of the Shining One.
  2510 | D:3      | Reached XP level 6. HP: 32/32 MP: 9/11
  2609 | D:3      | Found a sacrificial altar of Ru.
  2732 | D:3      | Noticed a black bear
  2736 | D:3      | Killed a black bear
  2737 | D:3      | Reached skill level 4 in Conjurations
  2816 | D:3      | Found a glowing silver altar of Zin.
  3106 | D:3      | Found a runed translucent door.
  3107 | D:3      | Noticed Crazy Yiuf
  3632 | D:4      | Reached XP level 7. HP: 36/36 MP: 11/13
  3660 | D:4      | Noticed Ijyb
  3700 | D:4      | Identified the +8 spear of Conformity {drain, rElec rC+
                  | Int+2}
  3867 | D:4      | Killed Ijyb
  4153 | D:5      | Entered Level 5 of the Dungeon
  4180 | D:5      | Reached skill level 5 in Conjurations
  4208 | D:5      | Found an opulent altar of Gozag.
  4266 | D:5      | Reached XP level 8. HP: 13/41 MP: 5/15
  4358 | D:5      | Reached skill level 5 in Spellcasting
  4385 | D:5      | Found a sand-covered staircase.
  4396 | Ossuary  | Entered an ossuary
  4782 | Ossuary  | Reached skill level 6 in Conjurations
  5384 | D:5      | Found a shimmering blue altar of Sif Muna.
  5404 | D:5      | Got Sif Muna's Disquisition on the Spagyric Fairies
  5409 | D:5      | Found a bloodstained altar of Trog.
  5412 | D:5      | Reached skill level 5 in Dodging
  5638 | D:5      | Reached XP level 9. HP: 45/45 MP: 14/17
  6523 | D:6      | Found a basalt altar of Yredelemnul.
  6573 | D:6      | Reached skill level 7 in Conjurations
  6656 | D:6      | Found an ancient bone altar of Kikubaaqudgha.
  6710 | D:6      | Found a shimmering altar of Xom.
  6798 | D:6      | Found a staircase to the Ecumenical Temple.
  6992 | D:6      | Found a stormy altar of Qazlal.
  7924 | Temple   | Entered the Ecumenical Temple
  7950 | Temple   | Became a worshipper of Vehumet
  8824 | D:7      | Reached XP level 10. HP: 50/50 MP: 17/20
  9039 | D:8      | Reached skill level 1 in Air Magic
  9154 | D:8      | Reached skill level 8 in Conjurations
  9304 | D:8      | Found a broken altar of Ashenzari.
  9327 | D:8      | Found a hide-covered altar of Uskayaw.
  9373 | D:8      | Found a runed translucent gate.
  9373 | D:8      | Found a runed translucent gate.
  9373 | D:8      | Found a runed translucent gate.
  9374 | D:8      | Noticed asd2613's ghost (novice MDFi)
  9439 | D:8      | Identified the +2 ring mail of the Comet {-Tele Regen+
                  | Int+3 Slay+2}
  9996 | D:9      | Noticed a two-headed ogre
 10000 | D:9      | Killed a two-headed ogre
 10177 | D:9      | Reached skill level 10 in Earth Magic
 10453 | D:9      | Found a staircase to the Orcish Mines.
 10651 | D:9      | Noticed a two-headed ogre
 10666 | D:9      | Killed a two-headed ogre
 10740 | D:9      | Noticed Joseph
 10745 | D:9      | Killed Joseph
 10907 | D:9      | Noticed Psyche
 10912 | D:9      | Killed Psyche
 10913 | D:9      | Reached skill level 9 in Conjurations
 10913 | D:9      | Reached XP level 11. HP: 54/54 MP: 12/22
 11265 | D:10     | Entered Level 10 of the Dungeon
 11392 | D:10     | Noticed a two-headed ogre
 11396 | D:10     | Killed a two-headed ogre
 11397 | D:10     | Reached skill level 5 in Air Magic
 11455 | D:10     | Found a staircase to the Lair.
 11549 | D:10     | Reached * piety under Vehumet
 11549 | D:10     | Offered knowledge of Kiss of Death by Vehumet.
 12215 | D:10     | Found a one-way gate to the infinite horrors of the Abyss.
 12215 | D:10     | Identified the +2 dagger "Qymeno" {distort, Fly Will+}
 12218 | D:10     | Noticed a brown ugly thing
 12426 | D:10     | Found a large runed translucent door.
 12428 | D:10     | Found a large runed translucent door.
 12429 | D:10     | Noticed a green ugly thing
 12430 | D:10     | Found a corrupted altar of Lugonu.
 12582 | D:11     | Noticed a two-headed ogre
 12582 | D:11     | Noticed a boulder beetle
 12882 | D:11     | Found a hazy altar of Hepliaklqana.
 12936 | D:11     | Noticed a green ugly thing
 12969 | D:11     | Killed a green ugly thing
 13040 | D:11     | Killed a two-headed ogre
 13196 | D:10     | Killed a boulder beetle
 13197 | D:10     | Reached skill level 10 in Conjurations
 13328 | D:11     | Noticed a boulder beetle
 13337 | D:11     | Killed a boulder beetle
 13831 | D:11     | Identified the +2 chain mail "Piumopt" {+Blink Str+4 Int+2}
 13956 | D:11     | Noticed Lodul
 13991 | D:12     | Noticed Snorg
 14000 | D:11     | Reached XP level 12. HP: 34/59 MP: 11/25
 14100 | D:10     | Learned a level 5 spell: Freezing Cloud
 14126 | Lair:1   | Entered Level 1 of the Lair of Beasts
 14192 | Lair:1   | Offered knowledge of Freeze by Vehumet.
 14194 | Lair:1   | Reached ** piety under Vehumet
 15623 | Lair:2   | Reached skill level 11 in Conjurations
 15665 | Lair:2   | Reached skill level 1 in Armour
 16118 | Lair:2   | Noticed a death yak
 16118 | Lair:2   | Noticed a death yak
 16132 | Lair:2   | Killed a death yak
 16132 | Lair:2   | Offered knowledge of Searing Ray by Vehumet.
 16207 | Lair:2   | Noticed a death yak
 16226 | Lair:2   | Killed a death yak
 16238 | Lair:2   | Killed a death yak
 16484 | Lair:2   | Noticed a death yak
 16490 | Lair:2   | Killed a death yak
 16595 | Lair:2   | Reached *** piety under Vehumet
 17072 | Lair:2   | Found a hole to the Spider Nest.
 17078 | Lair:2   | Offered knowledge of Inner Flame by Vehumet.
 17143 | Lair:2   | Reached skill level 12 in Conjurations
 17143 | Lair:2   | Reached XP level 13. HP: 63/63 MP: 16/26
 17147 | Lair:2   | Reached skill level 5 in Armour
 17147 | Lair:2   | Reached skill level 10 in Spellcasting
 17763 | Lair:2   | Identified the +0 chain mail "Uweffi Onatt" {Regen+ Str+3}
 18500 | Lair:2   | Found a staircase to the Swamp.
 18644 | Lair:3   | Reached **** piety under Vehumet
 18746 | Lair:3   | Offered knowledge of Hailstorm by Vehumet.
 19566 | Lair:3   | Reached skill level 1 in Fighting
 20166 | Lair:4   | Identified a scroll of acquirement
 20306 | Lair:4   | Reached skill level 13 in Conjurations
 20358 | Lair:4   | Found a gate leading to a gauntlet.
 20391 | Gauntlet | Entered a Gauntlet
 20391 | Gauntlet | Found a transporter.
 20397 | Gauntlet | Found a transporter.
 20399 | Gauntlet | Found a transporter.
 20419 | Gauntlet | Found a runed translucent door.
 20422 | Gauntlet | Found a transporter.
 20426 | Gauntlet | Found a runed translucent door.
 20426 | Gauntlet | Found a runed translucent door.
 20437 | Gauntlet | Found a transporter.
 20439 | Gauntlet | Found a transporter.
 20441 | Gauntlet | Noticed a blizzard demon
 20449 | Gauntlet | Found a transporter.
 20464 | Gauntlet | Noticed an entropy weaver
 20465 | Gauntlet | Found a transporter.
 20475 | Gauntlet | Found a transporter.
 20485 | Gauntlet | Found a transporter.
 20499 | Gauntlet | Found a transporter.
 20508 | Gauntlet | Found a transporter.
 20641 | Gauntlet | Identified the +1 ring mail of Courage {rF- Will+ Str+3
                  | Dex+3}
 20659 | Gauntlet | Found a transporter.
 20752 | Gauntlet | Killed an entropy weaver
 20801 | Gauntlet | Identified the +1 hat of Mysticism {rN+ Int-4 Dex+5}
 20814 | Gauntlet | Identified the +9 scimitar of Neisk {freeze, rC- Dex+4}
 20814 | Gauntlet | Noticed a minotaur
 20817 | Gauntlet | Mangled by a minotaur

Illustrated notes

Levels and vault maps discovered:
D:1:      dpeg_arrival_round_c, layout_loops_ring
D:2:      cheibrodos_fertilizer, layout_basic, serial_corexii_hall,
          corexii_hall_statues_i, corexii_hall_statues_x, minmay_snake_closets
D:3:      layout_basic, amcnicky_altar_gilded, lemuel_doored_altar,
          uniq_crazy_yiuf_cottage
D:4:      layout_cave_pools, kennysheep_crisscross, uniq_ijyb
D:5:      layout_layer_cave, nzn_overflow_gifts_of_might_and_magic,
          nicolae_gozag_seed_capital, lightli_ossuary_entry_decrepit_ruins
D:6:      layout_layer_cave, xom_teletrap_fun, mainiacjoe_overflow_boulevard,
          nicolae_overflow_hidden_temple, kiku_gazebo_pond_becter,
          minmay_temple_entry_from_below_a
D:7:      layout_gridville
D:8:      layout_gridville, mainiacjoe_overflow_chevrons, kennysheep_mini,
          ebering_ghost_rock_garden, grunt_decor_junction
D:9:      layout_roguey, orc_0_dummy, grunt_ministairs_1, fungi_pond_lemuel,
          kennysheep_generic_room_5, uniq_psyche, uniq_joseph
D:10:     due_chaos_kobolds, layout_loops_cross, david_lair_generic
D:11:     layout_long_grid, nicolae_hepliaklqana_hazy_memory, uniq_lodul
D:12:     layout_roguey, serial_shops, shop, ice2_lemuel, uniq_erolcha,
          uniq_snorg
Temple:   chequers_temple_sunken
Lair:1:   layout_cave_shapes, nicolae_volcano_entry_batcave, beast_lair_carwin_2
Lair:2:   layout_loops_ring, palyth_hydra_swamp_entry, spider_nest_entry_a,
          grunt_megastairs_3, serial_bayou_shore_a
Lair:3:   layout_cave_pods, worms_lemuel, grunt_megastairs_4, lemuel_fruit_tree
Lair:4:   layout_regular_city, gauntlet_entry_generic, grunt_megastairs_2
Gauntlet: minmay_gauntlet_77_tree [minmay_gauntlet_arena_77_path,
          minmay_gauntlet_arena_77_chump_sandwich,
          minmay_gauntlet_arena_77_shame_cube,
          minmay_gauntlet_arena_77_terracotta_army,
          minmay_gauntlet_arena_77_braids, minmay_gauntlet_arena_77_mirror,
          minmay_gauntlet_arena_77_two_paths, gauntlet_exit_watery]

Skill      XL: |  1  2  3  4  5  6  7  8  9 10 11 12 13 |
---------------+----------------------------------------+-----
Earth Magic    | 4 5 6 7 9 10 11 12 | 12.6
Conjurations   | 2 3 4 5 6 7 9 10 12 13 | 13.1
Spellcasting   | 3 4 5 6 7 9 10 | 10.8
Dodging        | 3 5 7 |  7.0
Air Magic      | 4 7 8 |  8.3
Armour         | 4 7 |  7.3
Fighting       | 3 |  3.2
Stealth        | |  2.1
Ice Magic      | |  0.5

Action                     |  1- 3 |  4- 6 |  7- 9 | 10-12 | 13-15 || total
---------------------------+-------+-------+-------+-------+-------++-------
  Melee: Unarmed           |     5 |       |       |       |       ||     5
         Dagger            |       |     1 |       |       |       ||     1
         Spear             |       |       |     1 |     5 |     3 ||     9
  Throw: Dart              |       |       |       |     1 |       ||     1
   Cast: Sandblast         |    38 |    68 |   180 |   117 |    44 ||   447
         Stone Arrow       |       |       |    24 |   136 |    49 ||   209
         Freezing Cloud    |       |       |       |    57 |    47 ||   104
    Use: Scroll            |       |       |    10 |     9 |     4 ||    23
         Potion            |       |       |       |     3 |     1 ||     4
 Armour: Robe              |     9 |     9 |    70 |   121 |       ||   209
         Troll leather arm |       |       |       |    16 |    16 ||    32
         Acid dragon scale |       |       |       |       |    30 ||    30
  Dodge: Dodged            |     6 |    10 |    67 |   109 |    35 ||   227

Table legend: (Time is in decaauts)
 A = Elapsed time spent in this place.
 B = Non-inter-level travel time spent in this place.
 C = Inter-level travel time spent in this place.
 D = Time resting spent in this place.
 E = Time spent auto-exploring this place.
 F = Levels seen in this place.
 G = Mean time per level.
                   A        B        C        D        E       F      G
               +--------+--------+--------+--------+--------+-----+--------+
         Total |  21105 |  20349 |    756 |   6384 |   9884 |  19 | 1110.8 |
       Dungeon |  13556 |  12892 |    664 |   2898 |   7598 |  12 | 1129.7 |
        Temple |     63 |     36 |     27 |      0 |      0 |   1 |   63.0 |
          Lair |   6306 |   6241 |     65 |   3100 |   2062 |   4 | 1576.5 |
       Ossuary |    752 |    752 |      0 |    270 |    223 |   1 |  752.0 |
      Gauntlet |    425 |    425 |      0 |    115 |      0 |   1 |  425.0 |
               +--------+--------+--------+--------+--------+-----+--------+

Top non-repeatable levels by time:
  Lair:2: 2896 daAuts
     D:6: 1624 daAuts
  Lair:3: 1606 daAuts
     D:2: 1593 daAuts
  Lair:1: 1539 daAuts
    D:10: 1450 daAuts
    D:11: 1383 daAuts
     D:7: 1289 daAuts
     D:5: 1281 daAuts
     D:9: 1184 daAuts
     D:8: 1087 daAuts
     D:3: 951 daAuts
     D:1: 923 daAuts
     D:4: 761 daAuts
 Ossuary: 752 daAuts
